 Dungeon Crawl Stone Soup version 0.27.1-1-g398f81649c (webtiles) character file.

Game seed: 7483304088153297055

2358 pbellow the Cleaver (level 9, -12/75 (78) HPs)
             Began as a Hill Orc Fighter on Sept 11, 2021.
             Was an Initiate of Beogh.
             Killed by divine providence
             ... invoked by an orc priest
              (14 damage)
             ... on level 6 of the Dungeon.
             The game lasted 00:14:21 (5488 turns).

pbellow the Cleaver (Hill Orc Fighter)              Turns: 5488, Time: 00:14:21

HP:   -12/75 (78)   AC: 13    Str: 19 (22) XL:     9   Next: 44%
MP:   9/9           EV:  8    Int:  8      God:    Beogh [......]
Gold: 261           SH:  0    Dex:  9 (10) Spells: 8/8 levels left

rFire    . . .     SeeInvis .   m - +3 battleaxe
rCold    . . .     Faith    .   (shield currently unavailable)
rNeg     . . .     Spirit   .   o - +3 chain mail
rPois    .         Reflect  .   (no helmet)
rElec    .         Harm     .   (no cloak)
rCorr    .         Rampage  .   (no gloves)
Will     .....                  (no boots)
Stlth    ..........             (no amulet)
HPRegen  0.22/turn              (no ring)
MPRegen  0.11/turn              (no ring)

@: lightly drained
A: no striking features
a: Renounce Religion


You were on level 6 of the Dungeon.
You worshipped Beogh.
Beogh was noncommittal.
You visited 1 branch of the dungeon, and saw 6 of its levels.

You collected 261 gold pieces.

Inventory:

Hand Weapons
 a - a +0 war axe
 m - a +3 battleaxe (weapon)
Armour
 b - a +0 scale mail
 c - a +0 kite shield
 f - a +0 plate armour
 j - a +0 chain mail
 o - a +3 chain mail (worn)
Magical Staves
 h - a staff of poison
Jewellery
 l - a ring of resist corrosion
Scrolls
 e - a scroll of teleportation {unknown}
 g - 2 scrolls of blinking {unknown}
 i - 4 scrolls of identify {unknown}
 k - 2 scrolls of holy word {unknown}
Potions
 d - a potion of might


   Skills:
 + Level 6.9 Fighting
 + Level 10.5 Axes
 + Level 7.1 Armour
 + Level 1.8 Dodging
 + Level 0.7 Stealth
 + Level 6.4 Shields


You had 8 spell levels left.
You didn't know any spells.
Your spell library contained the following spells:

 Spells                   Type           Power      Damage    Failure   Level
 Magic Dart               Conj           0%         1d3       99%         1
 Sandblast                Erth           0%         2d4       99%         1
 Sting                    Tmut/Pois      0%         1d3       99%         1
 Call Imp                 Summ           0%         N/A       99%         2
 Passwall                 Tmut/Erth      0%         N/A       99%         2
 Poisonous Vapours        Pois/Air       0%         N/A       99%         2
 Mephitic Cloud           Conj/Pois/Air  0%         N/A       100%        3
 Olgreb's Toxic Radiance  Pois           0%         N/A       100%        4
 Summon Ice Beast         Ice/Summ       0%         N/A       100%        4
 Lee's Rapid Deconstruct  Erth           0%         3d5*      100%        5
 Summon Mana Viper        Hex/Summ       0%         N/A       100%        5
 Monstrous Menagerie      Summ           0%         N/A       100%        7


Dungeon Overview and Level Annotations

Branches:
Dungeon (6/15)
 Temple: D:4-7

Altars:

Shops:
D:2 ?

Annotations:
D:4 3 runed translucent doors, MemeProof's ghost, amateur MiFi; acemry's ghost, novice OpTm; tylerjbraun's ghost, amateur TrMo


Message History

The orc priest mumbles some strange prayers to Beogh against you.
Pain shoots through your body!
You feel your intelligence returning.
Your Armour skill increases to level 7!
You miss the hound. You barely miss the orc priest.
The hound bites you but does no damage.
The orc priest mumbles some strange prayers to Beogh against you.
Beogh smites you! The orc priest closely misses you.
The hound barely misses you.
You hit the hound.
The hound is moderately wounded.
You closely miss the orc priest. The hound bites you but does no damage.
The orc priest barely misses you. The orc priest closely misses you.
The hound bites you but does no damage.
The orc priest hits you from afar with a +0 trident.
* * * LOW HITPOINT WARNING * * *
Okay, then.
You slash the hound!
The hound is almost dead.
You slash the orc priest! The hound bites you but does no damage.
The orc priest hits you but does no damage.
The hound bites you but does no damage. The orc priest barely misses you.
The orc priest hits you with a +0 mace.
* * * LOW HITPOINT WARNING * * *
You slice the hound!!
You kill the hound!
Beogh accepts your kill.
You closely miss the orc priest.
The orc priest hits you but does no damage.
The orc priest mumbles some strange prayers to Beogh against you.
Pain shoots through your body!
* * * LOW HITPOINT WARNING * * *
The orc priest begins to cast a cantrip, but forgets the words!
The orc priest calls down the wrath of Beogh upon you.
Beogh smites you!
* * * LOW HITPOINT WARNING * * *
The orc priest mumbles some strange prayers to Beogh against you.
Beogh smites you!
You die...
Beogh appreciates the orc priest's killing of a heretic priest.

#.###.....##.## ..
#........##..# #..
##........##..###..#
##..###.........#..#
#... ##..........#
... ##.........# #.#
##..†....## #..##
#........###.
#.@#####...........
#....o........).###
#.....o...#..)..#
#...#.....#....#..#
............#...##..#
###.....##.....## ..#
#....####...## #..
.....# #....# #.
#..#.# #..... .


You could see 2 orc priests.

Vanquished Creatures
  Pikel (D:6)
  2 centaur zombies (D:5)
  Sigmund (D:4)
  Edmund (D:5)
  An orc warrior (D:6)
  A necrophage (D:6)
  A black bear (D:5)
  2 ogres
  A bullfrog (D:5)
  A scorpion (D:4)
  4 wights (D:6)
  A bullfrog zombie (D:6)
  A howler monkey (D:6)
  A hound (D:6)
  3 jellies
  A bullfrog skeleton (D:5)
  2 iguanas (D:5)
  An orc wizard (D:4)
  Natasha (thrice) (D:4)
  A killer bee zombie (D:5)
  A howler monkey zombie (D:5)
  Robin (D:4)
  7 adders
  An adder skeleton (D:5)
  2 worms
  A dart slug (D:3)
  7 orcs
  5 ball pythons
  6 endoplasms
  5 giant cockroaches
  10 goblins
  7 hobgoblins
  8 jackals
  2 kobolds (D:2)
  3 quokkas
  3 bats
  2 frilled lizards
  5 rats
106 creatures vanquished.

Vanquished Creatures (others)
  12 plants (D:6)
  2 withered plants (D:4)
14 creatures vanquished.

Grand Total: 120 creatures vanquished

Notes
Turn   | Place    | Note
-------+----------+-------------------------------------------
     0 | D:1      | pbellow the Hill Orc Fighter began the quest for the Orb.
     0 | D:1      | Reached XP level 1. HP: 19/19 MP: 1/1
   105 | D:1      | Found a faded altar of an unknown god.
   281 | D:1      | Reached XP level 2. HP: 24/27 MP: 2/2
   355 | D:1      | Reached skill level 3 in Axes
   457 | D:1      | You fall into a shaft and drop 1 floor!
   575 | D:2      | Found Peib's Magic Scroll Emporium.
   617 | D:2      | Reached XP level 3. HP: 27/33 MP: 3/3
   988 | D:2      | You fall into a shaft and drop 2 floors!
   988 | D:4      | Noticed a scorpion
   996 | D:4      | Killed a scorpion
   997 | D:4      | Reached skill level 4 in Axes
   997 | D:4      | Reached XP level 4. HP: 32/41 MP: 4/4
  1067 | D:4      | Noticed Natasha
  1073 | D:4      | Killed Natasha
  1074 | D:4      | Reached skill level 5 in Axes
  1074 | D:4      | Reached XP level 5. HP: 34/47 MP: 5/5
  1212 | D:4      | Noticed Sigmund
  1225 | D:4      | Killed Sigmund
  1226 | D:4      | Reached skill level 6 in Axes
  1226 | D:4      | Reached XP level 6. HP: 31/55 MP: 6/6
  1314 | D:4      | Noticed Robin
  1339 | D:4      | Killed Robin
  1625 | D:4      | Found a runed translucent gate.
  1625 | D:4      | Found a runed translucent gate.
  1625 | D:4      | Found a runed translucent gate.
  1629 | D:4      | Noticed MemeProof's ghost (amateur MiFi)
  1629 | D:4      | Noticed acemry's ghost (novice OpTm)
  1629 | D:4      | Noticed tylerjbraun's ghost (amateur TrMo)
  1657 | D:4      | Noticed Natasha
  1660 | D:4      | Killed Natasha
  1676 | D:4      | Noticed Natasha
  1689 | D:4      | Killed Natasha
  2036 | D:3      | Reached skill level 7 in Axes
  2036 | D:3      | Reached XP level 7. HP: 46/60 MP: 7/7
  2807 | D:5      | Entered Level 5 of the Dungeon
  2816 | D:5      | Reached skill level 5 in Fighting
  2816 | D:5      | Reached skill level 5 in Armour
  2885 | D:5      | Reached skill level 8 in Axes
  2885 | D:5      | Reached skill level 1 in Dodging
  2885 | D:5      | Reached skill level 5 in Shields
  2885 | D:5      | Reached XP level 8. HP: 39/69 MP: 8/8
  3361 | D:5      | Noticed Edmund
  3374 | D:5      | Killed Edmund
  3375 | D:5      | Reached skill level 9 in Axes
  4067 | D:6      | Noticed Pikel
  4103 | D:6      | Killed Pikel
  4104 | D:6      | Reached skill level 10 in Axes
  4104 | D:6      | Reached XP level 9. HP: 39/78 MP: 9/9
  4957 | D:6      | Became a worshipper of Beogh the Brigand
  5482 | D:6      | HP: 1/75 [orc priest/divine providence (10)]
  5488 | D:6      | Killed from afar by an orc priest

Illustrated notes

Levels and vault maps discovered:
D:1:      dpeg_arrival_long_road, layout_basic,
          hellmonk_ecumenical_altar_blasted, minmay_misc_feat_roman,
          grunt_decor_arrowhead, serial_bayou_crossing
D:2:      layout_rooms, serial_glass, glass_columns_a, glass_columns_c,
          glass_columns_a, glass_columns_a, glass_columns_b, glass_columns_a,
          glass_columns_a, glass_columns_b, glass_columns_a, glass_columns_a,
          serial_shops, nicolae_shop_trees, kennysheep_generic_room_4
D:3:      layout_loops_cross
D:4:      layout_basic, gammafunk_ghost_cemetery, uniq_natasha, uniq_robin,
          uniq_sigmund
D:5:      layout_loops_ring, chequers_ossuary_entry_cave, uniq_edmund
D:6:      layout_layer_cave, fedhas_altar_decomposition, minmay_statues_item,
          grunt_decor_clamped, uniq_pikel, uniq_eustachio

Skill      XL: |  1  2  3  4  5  6  7  8  9 |
---------------+----------------------------+-----
Fighting       | 4 5 6 |  6.9
Axes           | 3 4 5 6 7 8 10 | 10.5
Armour         | 4 5 6 7 |  7.1
Shields        | 4 5 6 |  6.4
Dodging        | 1 |  1.8
Stealth        | |  0.7

Action                   |  1- 3 |  4- 6 |  7- 9 || total
-------------------------+-------+-------+-------++-------
Melee: War axe           |    82 |   130 |   189 ||   401
       Battleaxe         |       |       |    29 ||    29
Invok: Convert to Beogh  |       |       |     1 ||     1
  Use: Potion            |     4 |     1 |     3 ||     8
       Scroll            |       |     2 |       ||     2
Armor: Scale mail        |    49 |       |       ||    49
       Chain mail        |       |    68 |   116 ||   184
Dodge: Dodged            |    35 |    35 |    66 ||   136
Block: Kite shield       |    51 |    80 |   114 ||   245
